%YAML 1.1
%TAG !u! tag:unity3d.com,2011:
--- !u!1 &95853008946112233
GameObject:
  m_ObjectHideFlags: 0
  m_CorrespondingSourceObject: {fileID: 0}
  m_PrefabInstance: {fileID: 0}
  m_PrefabAsset: {fileID: 0}
  serializedVersion: 6
  m_Component:
  - component: {fileID: 5549122521130051340}
  - component: {fileID: 7686612956727505808}
  - component: {fileID: 7311817594112125752}
  - component: {fileID: 4542859130050165453}
  - component: {fileID: 7261697411563688985}
  m_Layer: 0
  m_Name: FinishDoor
  m_TagString: Untagged
  m_Icon: {fileID: 0}
  m_NavMeshLayer: 0
  m_StaticEditorFlags: 0
  m_IsActive: 1
--- !u!4 &5549122521130051340
Transform:
  m_ObjectHideFlags: 0
  m_CorrespondingSourceObject: {fileID: 0}
  m_PrefabInstance: {fileID: 0}
  m_PrefabAsset: {fileID: 0}
  m_GameObject: {fileID: 95853008946112233}
  m_LocalRotation: {x: 0, y: 0, z: 0, w: 1}
  m_LocalPosition: {x: 14.5, y: 1, z: 0}
  m_LocalScale: {x: 1, y: 1, z: 1}
  m_Children:
  - {fileID: 6904054258344266169}
  m_Father: {fileID: 0}
  m_RootOrder: 0
  m_LocalEulerAnglesHint: {x: 0, y: 0, z: 0}
--- !u!33 &7686612956727505808
MeshFilter:
  m_ObjectHideFlags: 0
  m_CorrespondingSourceObject: {fileID: 0}
  m_PrefabInstance: {fileID: 0}
  m_PrefabAsset: {fileID: 0}
  m_GameObject: {fileID: 95853008946112233}
  m_Mesh: {fileID: 10202, guid: 0000000000000000e000000000000000, type: 0}
--- !u!23 &7311817594112125752
MeshRenderer:
  m_ObjectHideFlags: 0
  m_CorrespondingSourceObject: {fileID: 0}
  m_PrefabInstance: {fileID: 0}
  m_PrefabAsset: {fileID: 0}
  m_GameObject: {fileID: 95853008946112233}
  m_Enabled: 0
  m_CastShadows: 1
  m_ReceiveShadows: 1
  m_DynamicOccludee: 1
  m_MotionVectors: 1
  m_LightProbeUsage: 1
  m_ReflectionProbeUsage: 1
  m_RayTracingMode: 2
  m_RayTraceProcedural: 0
  m_RenderingLayerMask: 1
  m_RendererPriority: 0
  m_Materials:
  - {fileID: 10303, guid: 0000000000000000f000000000000000, type: 0}
  m_StaticBatchInfo:
    firstSubMesh: 0
    subMeshCount: 0
  m_StaticBatchRoot: {fileID: 0}
  m_ProbeAnchor: {fileID: 0}
  m_LightProbeVolumeOverride: {fileID: 0}
  m_ScaleInLightmap: 1
  m_ReceiveGI: 1
  m_PreserveUVs: 0
  m_IgnoreNormalsForChartDetection: 0
  m_ImportantGI: 0
  m_StitchLightmapSeams: 1
  m_SelectedEditorRenderState: 3
  m_MinimumChartSize: 4
  m_AutoUVMaxDistance: 0.5
  m_AutoUVMaxAngle: 89
  m_LightmapParameters: {fileID: 0}
  m_SortingLayerID: 0
  m_SortingLayer: 0
  m_SortingOrder: 0
  m_AdditionalVertexStreams: {fileID: 0}
--- !u!61 &4542859130050165453
BoxCollider2D:
  m_ObjectHideFlags: 0
  m_CorrespondingSourceObject: {fileID: 0}
  m_PrefabInstance: {fileID: 0}
  m_PrefabAsset: {fileID: 0}
  m_GameObject: {fileID: 95853008946112233}
  m_Enabled: 1
  m_Density: 1
  m_Material: {fileID: 0}
  m_IsTrigger: 1
  m_UsedByEffector: 0
  m_UsedByComposite: 0
  m_Offset: {x: 1, y: 2}
  m_SpriteTilingProperty:
    border: {x: 0, y: 0, z: 0, w: 0}
    pivot: {x: 0, y: 0}
    oldSize: {x: 0, y: 0}
    newSize: {x: 0, y: 0}
    adaptiveTilingThreshold: 0
    drawMode: 0
    adaptiveTiling: 0
  m_AutoTiling: 0
  serializedVersion: 2
  m_Size: {x: 2.2, y: 5}
  m_EdgeRadius: 0
--- !u!114 &7261697411563688985
MonoBehaviour:
  m_ObjectHideFlags: 0
  m_CorrespondingSourceObject: {fileID: 0}
  m_PrefabInstance: {fileID: 0}
  m_PrefabAsset: {fileID: 0}
  m_GameObject: {fileID: 95853008946112233}
  m_Enabled: 1
  m_EditorHideFlags: 0
  m_Script: {fileID: 11500000, guid: ab54d154029842e08f42004e25abda2a, type: 3}
  m_Name: 
  m_EditorClassIdentifier: 
  playerOne: {fileID: 0}
  playerTwo: {fileID: 0}
--- !u!1001 &114322586019074334
PrefabInstance:
  m_ObjectHideFlags: 0
  serializedVersion: 2
  m_Modification:
    m_TransformParent: {fileID: 5549122521130051340}
    m_Modifications:
    - target: {fileID: 6128791754837246493, guid: 01219a04b975fc64493aac731e11e91a, type: 3}
      propertyPath: m_Name
      value: door
      objectReference: {fileID: 0}
    - target: {fileID: 6793124842563082407, guid: 01219a04b975fc64493aac731e11e91a, type: 3}
      propertyPath: m_RootOrder
      value: 0
      objectReference: {fileID: 0}
    - target: {fileID: 6793124842563082407, guid: 01219a04b975fc64493aac731e11e91a, type: 3}
      propertyPath: m_LocalPosition.x
      value: 0
      objectReference: {fileID: 0}
    - target: {fileID: 6793124842563082407, guid: 01219a04b975fc64493aac731e11e91a, type: 3}
      propertyPath: m_LocalPosition.y
      value: 1.8
      objectReference: {fileID: 0}
    - target: {fileID: 6793124842563082407, guid: 01219a04b975fc64493aac731e11e91a, type: 3}
      propertyPath: m_LocalPosition.z
      value: 0
      objectReference: {fileID: 0}
    - target: {fileID: 6793124842563082407, guid: 01219a04b975fc64493aac731e11e91a, type: 3}
      propertyPath: m_LocalRotation.w
      value: -0.24741739
      objectReference: {fileID: 0}
    - target: {fileID: 6793124842563082407, guid: 01219a04b975fc64493aac731e11e91a, type: 3}
      propertyPath: m_LocalRotation.x
      value: 0.24750377
      objectReference: {fileID: 0}
    - target: {fileID: 6793124842563082407, guid: 01219a04b975fc64493aac731e11e91a, type: 3}
      propertyPath: m_LocalRotation.y
      value: -0.66227645
      objectReference: {fileID: 0}
    - target: {fileID: 6793124842563082407, guid: 01219a04b975fc64493aac731e11e91a, type: 3}
      propertyPath: m_LocalRotation.z
      value: -0.66250765
      objectReference: {fileID: 0}
    - target: {fileID: 6793124842563082407, guid: 01219a04b975fc64493aac731e11e91a, type: 3}
      propertyPath: m_LocalEulerAnglesHint.x
      value: -89.98
      objectReference: {fileID: 0}
    - target: {fileID: 6793124842563082407, guid: 01219a04b975fc64493aac731e11e91a, type: 3}
      propertyPath: m_LocalEulerAnglesHint.y
      value: -40.97
      objectReference: {fileID: 0}
    - target: {fileID: 6793124842563082407, guid: 01219a04b975fc64493aac731e11e91a, type: 3}
      propertyPath: m_LocalEulerAnglesHint.z
      value: -180
      objectReference: {fileID: 0}
    m_RemovedComponents: []
  m_SourcePrefab: {fileID: 100100000, guid: 01219a04b975fc64493aac731e11e91a, type: 3}
--- !u!4 &6904054258344266169 stripped
Transform:
  m_CorrespondingSourceObject: {fileID: 6793124842563082407, guid: 01219a04b975fc64493aac731e11e91a, type: 3}
  m_PrefabInstance: {fileID: 114322586019074334}
  m_PrefabAsset: {fileID: 0}
